AoeStats
← blytz

Arabia

510650126Analyzed
1v1 RM · 16h ago on Oct 2, 2026· 23m 49s· 2 players
Game mode
Random Map
Map size
Tiny (2 player)
Population
200
Speed
Normal
Resources
Standard
Victory
Conquest
Starting age
Dark Age
Ending age
Imperial Age
RankedLock teamsTeams togetherTeam positionsShared explorationLock speedFull tech treeHidden civsTurbo modeCheats
Victory
Defeat
🇨🇳 Cumans · China
2309
+10
🇦🇷 Bulgarians · Argentina
2172
-10
qwertyoN.-
6:25 Loom
8:43 Feudal Age
9:34 Double-Bit Axe
9:32 Horse Collar
16:05 Fletching
22:49 Castle Age
21:08 Gold Mining
21:40 Padded Archer Armor
23:28 Bodkin Arrow
23:39 Thumb Ring
23:39 Town Watch
24:30 Wheelbarrow
blytz
5:56 Loom
8:19 Feudal Age
9:01 Double-Bit Axe
17:58 Fletching
21:12 Castle Age
20:10 Padded Archer Armor
19:59 Horse Collar
20:20 Gold Mining
20:48 Bloodlines
21:03 Scale Barding Armor
21:53 Bodkin Arrow
22:31 Bow Saw
Connection lost

Rejoining the realm…

Still unreachable

The connection could not be restored.

Session expired

The server has moved on; the page needs a fresh start.